[Event "Titled Tuesday Blitz July 11 Early 2023"]
[White "Jaivardhan Raj"]
[Black "Szente Varga, Fruzsina"]
[WhiteFideId "25744437"]
[BlackFideId "712264"]
[WhiteElo "2079"]
[BlackElo "2315"]
[Result "0-1"]
[Round "4"]
[TimeControl "180+2"]
[Date "2023.07.11"]
[WhiteClock "0:02:21"]
[BlackClock "0:02:21"]
[Board "195"]

1. e4 Nf6 2. e5 Nd5 3. d4 d6 4. c4 Nb6 5. exd6 exd6 6. Nc3 Be7 7. Nf3 O-O 8. Bd3 Bg4 9. O-O Nc6 10. Be3 Bf6 11. d5 Ne5 12. b3 Nxf3+ 13. gxf3 Bh3 14. Re1 Bxc3 0-1


[Site "https://www.chess.com"]

[Event "Titled Tuesday Blitz July 11 Early 2023"]
[White "Ahmad, Khagan"]
[Black "UgarteCesar"]
[WhiteFideId "13431552"]
[WhiteElo "2620"]
[BlackElo "2251"]
[Result "1-0"]
[Round "4"]
[TimeControl "180+2"]
[Date "2023.07.11"]
[WhiteClock "0:00:15"]
[BlackClock "0:01:05"]
[Board "196"]

1. c4 e6 2. Nf3 d5 3. g3 Nf6 4. Bg2 Nbd7 5. O-O dxc4 6. Na3 Bxa3 7. bxa3 O-O 8. Qc2 b5 9. a4 a6 10. Nd4 c5 11. Nxe6 fxe6 12. Bxa8 Nd5 13. axb5 axb5 14. Rb1 Ba6 15. Bxd5 exd5 16. Bb2 d4 17. Qe4 Nf6 18. Qe6+ Kh8 19. Qxa6 h5 20. Qxb5 Qd5 21. Ba3 Rc8 22. Qb7 Qe6 23. Rb6 Qf5 24. Rc6 Re8 25. Rxc5 Qc2 26. Rc8 Rxc8 27. Qxc8+ Kh7 28. Rc1 Qxa2 29. Qxc4 Qxa3 30. Qd3+ Kh6 31. Qxa3 1-0


[Site "https://www.chess.com"]

[Event "Titled Tuesday Blitz July 11 Early 2023"]
[White "Sala, Giulia"]
[Black "Sebag, Marie"]
[WhiteFideId "2840451"]
[BlackFideId "617822"]
[WhiteElo "2247"]
[BlackElo "2531"]
[Result "0-1"]
[Round "4"]
[TimeControl "180+2"]
[Date "2023.07.11"]
[WhiteClock "0:00:43"]
[BlackClock "0:00:06"]
[Board "197"]

1. e4 c6 2. c4 d5 3. exd5 cxd5 4. cxd5 Nf6 5. Nc3 g6 6. Bc4 Bg7 7. Nf3 O-O 8. O-O Nbd7 9. Re1 Nb6 10. Bb3 Nbxd5 11. Nxd5 Nxd5 12. d4 Bg4 13. h3 Bxf3 14. Qxf3 e6 15. Qg4 Qb6 16. Rd1 Rad8 17. Bg5 Rd7 18. Rac1 f5 19. Qe2 h6 20. Bh4 g5 21. Bg3 f4 22. Bh2 Rdf7 23. Rc5 Bxd4 24. Rxd5 exd5 25. Bxd5 Kg7 26. Bxf7 Rxf7 27. b3 Bf6 28. h4 Re7 29. Qg4 Qb4 30. Kh1 Re1+ 31. Bg1 Rxd1 32. Qxd1 gxh4 33. Qd7+ Qe7 34. Qg4+ Bg5 35. f3 b6 36. Bd4+ Kg8 37. Qc8+ Kf7 38. Qf5+ Ke8 39. Qg6+ Kd8 40. Qd3 Kc8 41. Qc4+ Kb7 42. Qd5+ Ka6 43. a4 Qe1+ 44. Bg1 h3 45. Qc4+ Kb7 46. Qf7+ Kc8 47. Qe6+ Qxe6 48. Kh2 hxg2 49. Kxg2 Qe2+ 50. Kh3 Qxf3+ 51. Kh2 Bh4 52. b4 Bg3+ 53. Kh3 Bf2+ 0-1


[Site "https://www.chess.com"]

[Event "Titled Tuesday Blitz July 11 Early 2023"]
[White "Adla, Diego"]
[Black "Magallanes, Rey Jomar"]
[WhiteFideId "100072"]
[BlackFideId "5205948"]
[WhiteElo "2519"]
[BlackElo "2240"]
[Result "0-1"]
[Round "4"]
[TimeControl "180+2"]
[Date "2023.07.11"]
[WhiteClock "0:01:15"]
[BlackClock "0:02:10"]
[Board "198"]

1. e4 c5 2. Nf3 d6 3. d4 cxd4 4. Nxd4 Nf6 5. Nc3 a6 6. Be3 e5 7. Nb3 Be6 8. f3 Be7 9. Qd2 d5 10. exd5 Nxd5 11. O-O-O Nxe3 12. Qxe3 Qc7 13. Bd3 Nc6 14. Be4 O-O 15. g4 f5 16. gxf5 Bxf5 17. Rd5 h6 18. Bxf5 Bg5 19. Be6+ Kh8 20. Qxg5 hxg5 21. h4 g4 22. Rd7 Qb6 23. Rg1 Qxg1+ 0-1


[Site "https://www.chess.com"]

[Event "Titled Tuesday Blitz July 11 Early 2023"]
[White "Kashefi, Amir Hosein"]
[Black "Kopacz, Grzegorz"]
[WhiteFideId "12557935"]
[BlackFideId "1109880"]
[WhiteElo "2401"]
[BlackElo "2228"]
[Result "1-0"]
[Round "4"]
[TimeControl "180+2"]
[Date "2023.07.11"]
[WhiteClock "0:02:44"]
[BlackClock "0:01:08"]
[Board "199"]

1. d4 Nf6 2. c3 g6 3. Bf4 d5 4. Nf3 Bg7 5. e3 O-O 6. Nbd2 Bf5 7. Be2 Nbd7 8. h3 h5 9. Ng5 h4 10. Ndf3 Nh5 11. Nxh4 Nxf4 12. exf4 Nf6 13. Nxf5 gxf5 14. Bd3 Ne4 15. Bxe4 fxe4 16. Qh5 1-0


[Site "https://www.chess.com"]

[Event "Titled Tuesday Blitz July 11 Early 2023"]
[White "Glavina, Pablo"]
[Black "Ruge, Edison"]
[WhiteFideId "100234"]
[BlackFideId "4401000"]
[WhiteElo "2393"]
[BlackElo "2217"]
[Result "0-1"]
[Round "4"]
[TimeControl "180+2"]
[Date "2023.07.11"]
[WhiteClock "0:00:20"]
[BlackClock "0:00:40"]
[Board "200"]

1. e4 e5 2. Nf3 Nc6 3. Nc3 Be7 4. d4 d6 5. d5 Nb8 6. Be3 a6 7. Be2 Nf6 8. O-O O-O 9. Nd2 Kh8 10. f4 exf4 11. Bxf4 Nbd7 12. Qe1 Ng8 13. Qg3 Bf6 14. Nf3 Qe7 15. Bd3 Ne5 16. Nxe5 dxe5 17. Be3 b6 18. Rae1 g6 19. Qf3 Bg7 20. a4 Bd7 21. Qg3 Bh6 22. h4 Bxe3+ 23. Rxe3 h5 24. Ref3 Nh6 25. Be2 Kg7 26. Rf6 Bg4 27. Rc6 Bxe2 28. Nxe2 Ng4 29. Qc3 Qxh4 30. Qh3 Qe7 31. Ng3 Qg5 32. Rxc7 Qe3+ 33. Kh1 Nf2+ 34. Rxf2 Qxf2 35. Rc6 Rh8 36. Rc7 Raf8 37. Qh4 Qf4 38. Qg5 Qxg5 39. Nf5+ gxf5 40. Rxf7+ Rxf7 41. c3 fxe4 42. d6 Qg3 43. d7 Rf1# 0-1


[Site "https://www.chess.com"]

[Event "Titled Tuesday Blitz July 11 Early 2023"]
[White "Palacio,Igor Da Paz"]
[Black "Tymrakiewicz, Rafal"]
[WhiteFideId "2121140"]
[BlackFideId "1108832"]
[WhiteElo "2214"]
[BlackElo "2390"]
[Result "1/2-1/2"]
[Round "4"]
[TimeControl "180+2"]
[Date "2023.07.11"]
[WhiteClock "0:00:05"]
[BlackClock "0:00:13"]
[Board "201"]

1. e4 Nf6 2. Nc3 d5 3. exd5 a6 4. Nf3 b5 5. a3 Bb7 6. g3 Nxd5 7. Nxd5 Bxd5 8. Bg2 c5 9. O-O Nc6 10. d3 e6 11. Re1 Be7 12. Qe2 O-O 13. c4 Nd4 14. Nxd4 Bxg2 15. Nxe6 fxe6 16. Kxg2 Bf6 17. Be3 Qd7 18. Rac1 b4 19. axb4 cxb4 20. c5 Rfc8 21. Red1 a5 22. d4 Qd5+ 23. Qf3 a4 24. Qxd5 exd5 25. Ra1 Ra6 26. Ra2 Kf7 27. Rda1 Rca8 28. Kf3 Ke6 29. Ke2 Kd7 30. Kd3 Kc6 31. b3 a3 32. Re1 Re8 33. Bd2 Rxe1 34. Bxe1 Kb5 35. Bd2 g5 36. f3 Re6 37. Be3 h5 38. Re2 g4 39. f4 Re4 40. Ra2 Re8 41. Rc2 Ra8 42. Ra2 Re8 43. Kd2 Re4 44. Kd3 Re8 1/2-1/2


[Site "https://www.chess.com"]

[Event "Titled Tuesday Blitz July 11 Early 2023"]
[White "Villuendas Valero, Adrian"]
[Black "Schachpanda_Youtube"]
[WhiteFideId "2262460"]
[WhiteElo "2380"]
[BlackElo "2195"]
[Result "1-0"]
[Round "4"]
[TimeControl "180+2"]
[Date "2023.07.11"]
[WhiteClock "0:01:13"]
[BlackClock "0:00:25"]
[Board "202"]

1. Nf3 d5 2. b3 Nf6 3. Bb2 g6 4. e3 Bg7 5. d4 O-O 6. g3 Bf5 7. Bg2 Nbd7 8. O-O c6 9. c4 Rc8 10. Nc3 a6 11. Qe2 b5 12. cxd5 cxd5 13. Rac1 Qb6 14. Ne5 e6 15. Nxd7 Nxd7 16. g4 Be4 17. f3 e5 18. fxe4 exd4 19. Nxd5 Qd6 20. exd4 Kh8 21. e5 Qe6 22. Nf4 Qb6 23. Nd5 Qe6 24. g5 Nb6 25. Nf6 Bxf6 26. Rxf6 Rxc1+ 27. Bxc1 Qc8 28. Ba3 Rd8 29. Rxb6 1-0


[Site "https://www.chess.com"]

[Event "Titled Tuesday Blitz July 11 Early 2023"]
[White "Ahn, Hongjin"]
[Black "Mishra, Manoj"]
[WhiteFideId "13201492"]
[BlackFideId "5006007"]
[WhiteElo "2378"]
[BlackElo "2172"]
[Result "1-0"]
[Round "4"]
[TimeControl "180+2"]
[Date "2023.07.11"]
[WhiteClock "0:00:44"]
[BlackClock "0:01:16"]
[Board "203"]

1. d4 Nf6 2. Bf4 g6 3. e3 Bg7 4. h4 h6 5. Nf3 d6 6. Bc4 c6 7. Nbd2 b5 8. Bb3 a5 9. a4 Nbd7 10. c3 Ba6 11. Qc2 Nh5 12. Bh2 e5 13. g4 Nhf6 14. dxe5 Nxg4 15. e6 Nde5 16. exf7+ Kf8 17. Bxe5 Nxe5 18. Nxe5 dxe5 19. Qxg6 bxa4 20. Rg1 Qf6 21. Qxf6 Bxf6 22. Rg8+ Ke7 23. Rxa4 Bb5 24. Rxa5 Rf8 25. Ra7+ Kd6 26. Ne4# 1-0


[Site "https://www.chess.com"]

[Event "Titled Tuesday Blitz July 11 Early 2023"]
[White "Kiseleva, Arina"]
[Black "GAO"]
[WhiteFideId "4164989"]
[WhiteElo "2164"]
[BlackElo "2373"]
[Result "0-1"]
[Round "4"]
[TimeControl "180+2"]
[Date "2023.07.11"]
[WhiteClock "0:00:00"]
[BlackClock "0:00:39"]
[Board "204"]

1. d4 Na6 2. e4 c6 3. Bxa6 Qa5+ 4. c3 Qxa6 5. Ne2 d5 6. e5 Bg4 7. f3 Bf5 8. O-O e6 9. Ng3 Bg6 10. f4 Ne7 11. a4 h5 12. h4 Nf5 13. Nxf5 Bxf5 14. b4 Be7 15. Na3 Bxh4 16. Be3 Qd3 17. Qxd3 Bxd3 18. Rfd1 Be4 19. b5 Kd7 20. Ra2 Be7 21. Nc2 h4 22. Rb2 Rab8 23. Rdb1 cxb5 24. axb5 Rhc8 25. Bd2 b6 26. Ra1 Rb7 27. Rba2 Rcc7 28. Ne3 Kc8 29. Kf2 Kb8 30. Rc1 Rc8 31. Rb2 Ba3 32. Rcc2 Bxb2 33. Rxb2 Rh8 34. Rb4 h3 35. gxh3 Rxh3 36. c4 Rh2+ 37. Ke1 Rh1+ 38. Ke2 Rh2+ 39. Ke1 Rc7 40. cxd5 exd5 41. f5 g6 42. Rb3 gxf5 0-1


[Site "https://www.chess.com"]

[Event "Titled Tuesday Blitz July 11 Early 2023"]
[White "Prydun, Andriy"]
[Black "Dargan, Paul A G"]
[WhiteFideId "14145898"]
[BlackFideId "416762"]
[WhiteElo "2369"]
[BlackElo "2160"]
[Result "1-0"]
[Round "4"]
[TimeControl "180+2"]
[Date "2023.07.11"]
[WhiteClock "0:01:14"]
[BlackClock "0:00:00"]
[Board "205"]

1. e4 c5 2. Nf3 Nc6 3. Bb5 g6 4. Bxc6 dxc6 5. h3 Bg7 6. d3 e5 7. Nc3 b6 8. Be3 h6 9. Qd2 Nf6 10. a4 Nd7 11. a5 Rb8 12. axb6 axb6 13. Nh2 Nf8 14. Ng4 h5 15. Nh2 Ne6 16. Ne2 Nd4 17. Nc1 Be6 18. Ra7 Ra8 19. Bg5 f6 20. Rxg7 fxg5 21. Rxg6 g4 22. c3 Bf7 23. Rg5 1-0


[Site "https://www.chess.com"]

[Event "Titled Tuesday Blitz July 11 Early 2023"]
[White "Hartikainen, Jarmo"]
[Black "Makhmudov, Shukhrat"]
[WhiteFideId "503134"]
[BlackFideId "14200775"]
[WhiteElo "2153"]
[BlackElo "2360"]
[Result "1/2-1/2"]
[Round "4"]
[TimeControl "180+2"]
[Date "2023.07.11"]
[WhiteClock "0:00:28"]
[BlackClock "0:01:17"]
[Board "206"]

1. e4 e5 2. Nf3 Nc6 3. Bc4 Nf6 4. Ng5 d5 5. exd5 Na5 6. Bb5+ c6 7. dxc6 bxc6 8. Bd3 Ng4 9. Nf3 f5 10. h3 e4 11. hxg4 exd3 12. cxd3 Qxd3 13. Qe2+ Qxe2+ 14. Kxe2 fxg4 15. Ne5 Bd6 16. d4 c5 17. Be3 O-O 18. Nc3 cxd4 19. Bxd4 Bxe5 20. Bxe5 Re8 21. Rh5 g6 22. Rg5 Bf5 23. f4 Nc4 24. Nd5 Nxe5 25. Nf6+ Kf7 26. Nxe8 Rxe8 27. Rxf5+ gxf5 28. fxe5 Rxe5+ 29. Kd3 f4 30. Rf1 Rf5 31. Ke4 Kf6 32. Rxf4 Rxf4+ 33. Kxf4 h5 34. b4 Ke6 35. a4 Kd5 36. b5 Kc5 37. Kg5 Kb4 38. Kxh5 Kxa4 39. Kxg4 Kxb5 40. Kf5 a5 41. g4 a4 42. g5 a3 43. g6 a2 44. g7 a1=Q 45. g8=Q Qf1+ 46. Kg6 Qg2+ 47. Kf7 Qd5+ 48. Kf8 Qd8+ 49. Kf7 Qd5+ 50. Kf8 Qd6+ 51. Kg7 Qe5+ 52. Kh7 Qh5+ 53. Kg7 Qg5+ 54. Kh7 Qh5+ 55. Kg7 Qe5+ 56. Kh7 Qf5+ 57. Qg6 Qxg6+ 58. Kxg6 1/2-1/2


[Site "https://www.chess.com"]

[Event "Titled Tuesday Blitz July 11 Early 2023"]
[White "Ho, In Hei Henry"]
[Black "Fernandez, Michael"]
[WhiteFideId "6002552"]
[BlackFideId "5803560"]
[WhiteElo "2137"]
[BlackElo "2348"]
[Result "0-1"]
[Round "4"]
[TimeControl "180+2"]
[Date "2023.07.11"]
[WhiteClock "0:00:00"]
[BlackClock "0:00:05"]
[Board "207"]

1. d4 b6 2. c4 Bb7 3. Nc3 g6 4. Nf3 Bg7 5. e3 d6 6. Be2 e6 7. O-O Ne7 8. Qc2 Nd7 9. b3 O-O 10. Bb2 a6 11. Rfd1 Ra7 12. Rac1 Qa8 13. e4 c5 14. d5 e5 15. Rf1 h6 16. Bd3 Kh7 17. Nd1 Bc8 18. Ne3 b5 19. cxb5 axb5 20. Bxb5 Rxa2 21. Ra1 Rxa1 22. Rxa1 Qb8 23. Bxd7 Bxd7 24. Nc4 f5 25. Nfd2 f4 26. f3 g5 27. Bc3 h5 28. Ra6 Rf6 29. Qa2 Nc8 30. Qa5 Qb5 31. Qa1 g4 32. Ra5 Qb7 33. Qa3 gxf3 34. Nxf3 Bg4 35. Nfxe5 dxe5 36. Bxe5 Rf7 37. Rxc5 f3 38. gxf3 Bxf3 39. Bxg7 Rxg7+ 40. Kf2 Bxe4 41. Ne5 Qe7 42. Nc6 Qf6+ 43. Ke3 Bxd5 44. Rxd5 Qxc6 45. Qb2 Qxd5 46. Qc2+ Kh6 47. Qxc8 Re7+ 48. Kf2 Qf7+ 49. Kg2 Re2+ 50. Kh3 Qf3+ 51. Kh4 Re4+ 0-1


[Site "https://www.chess.com"]

[Event "Titled Tuesday Blitz July 11 Early 2023"]
[White "Mejia, Cherry Ann"]
[Black "Cardenas Carbajal, Nilson"]
[WhiteFideId "5206880"]
[BlackFideId "8401128"]
[WhiteElo "2345"]
[BlackElo "2132"]
[Result "1-0"]
[Round "4"]
[TimeControl "180+2"]
[Date "2023.07.11"]
[WhiteClock "0:00:14"]
[BlackClock "0:00:06"]
[Board "208"]

1. e4 e5 2. Nf3 Nc6 3. Bb5 a6 4. Ba4 Nf6 5. Qe2 b5 6. Bb3 Bc5 7. c3 d6 8. O-O O-O 9. Rd1 Bb6 10. d3 Qe7 11. Nbd2 Be6 12. Bc2 Bd7 13. Nf1 Bg4 14. h3 Bh5 15. Ng3 Bg6 16. Nh4 Qe6 17. Nhf5 Ne7 18. Qf3 Bxf5 19. exf5 Qd5 20. Qe2 Qb7 21. d4 exd4 22. cxd4 Rfe8 23. Be3 Ned5 24. Qf3 Rab8 25. Ne4 Qa7 26. g4 Nxe4 27. Bxe4 Nf6 28. Bc6 Re7 29. g5 Ne8 30. f6 gxf6 31. gxf6 Re6 32. Kh2 Kh8 33. Bg5 Bxd4 34. Bd5 Be5+ 35. Kg2 Rxf6 36. Bxf6+ Nxf6 37. Bxf7 c6 38. Bb3 Qg7+ 39. Kh1 Rf8 40. Qg2 Qh6 41. Rg1 Nh5 42. Qg5 Qxg5 43. Rxg5 Nf4 44. Rag1 h6 45. Rg8+ Rxg8 46. Rxg8+ Kh7 47. Ra8 Nxh3 48. Kg2 Nf4+ 49. Kf3 Nd3 50. Rxa6 c5 51. Ra7+ Kg6 52. Bc2 c4 53. Bxd3+ cxd3 54. b3 Bc3 55. Ke3 d2 56. Ke2 d5 57. Rb7 b4 58. Rd7 d4 59. Rd5 Kf6 60. Ra5 Ke6 61. a3 bxa3 62. Rxa3 Ke5 63. Ra5+ Ke4 64. f3+ Kf4 65. Ra8 h5 66. Rf8+ Kg3 67. f4 h4 68. f5 h3 69. f6 h2 70. Rh8 Kg2 71. f7 Bb4 72. Rg8+ Kh3 73. Rh8+ Kg2 74. Rg8+ Kh3 75. f8=Q Bxf8 76. Rxf8 h1=Q 77. Rh8+ Kg2 78. Rxh1 Kxh1 79. b4 Kg2 80. b5 d1=Q+ 81. Kxd1 Kf1 82. b6 Kf2 83. b7 d3 84. b8=Q Ke3 85. Qe5+ Kf3 86. Kd2 Kf2 87. Kxd3 1-0


[Site "https://www.chess.com"]

[Event "Titled Tuesday Blitz July 11 Early 2023"]
[White "Rosenberg, Evan S"]
[Black "Roque Sola, Jose Luis"]
[WhiteFideId "2019299"]
[BlackFideId "5120390"]
[WhiteElo "2319"]
[BlackElo "2121"]
[Result "1-0"]
[Round "4"]
[TimeControl "180+2"]
[Date "2023.07.11"]
[WhiteClock "0:01:57"]
[BlackClock "0:00:00"]
[Board "209"]

1. d4 Nf6 2. Nf3 g6 3. Nc3 d5 4. Bf4 Bg7 5. Nb5 Na6 6. h3 c6 7. Nc3 O-O 8. e3 Qa5 9. Nd2 b5 10. a3 Nd7 11. Bh2 e5 12. Be2 exd4 13. Nb3 Qb6 14. exd4 Nf6 15. O-O Bd7 16. Be5 Nc7 17. Nc5 Bf5 18. g4 Bc8 19. Qd2 Nd7 20. Bxg7 Kxg7 21. b4 Nxc5 22. dxc5 Qb7 23. Qd4+ f6 24. Kg2 Ne6 25. Qd2 Qc7 26. f4 d4 27. Ne4 f5 28. Nd6 fxg4 29. hxg4 Bd7 30. f5 gxf5 31. gxf5 1-0


[Site "https://www.chess.com"]

[Event "Titled Tuesday Blitz July 11 Early 2023"]
[White "Blokhin, Sofia"]
[Black "Calhoun, Luke"]
[WhiteFideId "4508190"]
[BlackFideId "2064421"]
[WhiteElo "2310"]
[BlackElo "2107"]
[Result "0-1"]
[Round "4"]
[TimeControl "180+2"]
[Date "2023.07.11"]
[WhiteClock "0:01:31"]
[BlackClock "0:01:30"]
[Board "210"]

1. d4 Nf6 2. c4 g6 3. Nc3 Bg7 4. e4 d6 5. f3 O-O 6. Be3 c5 7. d5 e6 8. Qd2 exd5 9. Nxd5 Nc6 10. O-O-O Be6 11. g4 Bxd5 12. cxd5 Ne5 13. h4 b5 14. h5 Nc4 15. Bxc4 bxc4 16. hxg6 fxg6 17. Bh6 Rf7 18. Bxg7 Rxg7 19. Ne2 Nd7 20. Nf4 Rf7 21. Ne6 Qb6 22. f4 Rb8 23. Qc3 Nf6 24. Rde1 Nxg4 25. Rhg1 Nf2 26. Re3 Nd3+ 27. Rxd3 cxd3 28. f5 c4 29. fxg6 Qxg1+ 30. Kd2 Rf2+ 31. Ke3 Rc2+ 0-1


[Site "https://www.chess.com"]

[Event "Titled Tuesday Blitz July 11 Early 2023"]
[White "AndresDelgado77"]
[Black "Johnson, Ben"]
[BlackFideId "2010917"]
[WhiteElo "2297"]
[BlackElo "2098"]
[Result "1-0"]
[Round "4"]
[TimeControl "180+2"]
[Date "2023.07.11"]
[WhiteClock "0:02:01"]
[BlackClock "0:00:20"]
[Board "211"]

1. e4 c5 2. Nf3 g6 3. d4 cxd4 4. Qxd4 Nf6 5. Bb5 a6 6. e5 axb5 7. exf6 exf6 8. O-O Bg7 9. Qd6 Nc6 10. Nc3 Qa5 11. Nd5 Ra6 12. Nc7+ Kd8 13. Nxa6 bxa6 14. Bf4 Qb4 15. Qc7+ Ke8 16. Rfe1+ 1-0


[Site "https://www.chess.com"]

[Event "Titled Tuesday Blitz July 11 Early 2023"]
[White "Dwilewicz, Katarzyna"]
[Black "Floresvillar Gonzalez, Luis Migu"]
[WhiteFideId "1148486"]
[BlackFideId "5100542"]
[WhiteElo "2295"]
[BlackElo "2094"]
[Result "1-0"]
[Round "4"]
[TimeControl "180+2"]
[Date "2023.07.11"]
[WhiteClock "0:02:12"]
[BlackClock "0:00:20"]
[Board "212"]

1. e4 c5 2. Nf3 d6 3. d4 cxd4 4. Nxd4 Nc6 5. Nc3 Nf6 6. Nb3 a6 7. f3 e5 8. Be3 Be6 9. Qd2 b5 10. O-O-O Qc7 11. Kb1 Be7 12. Nd5 Bxd5 13. exd5 Na5 14. Nxa5 O-O 15. Nc6 Rfc8 16. Nxe7+ Qxe7 17. Bg5 h6 18. Bxf6 Qxf6 19. Bd3 Rc5 20. Be4 Rac8 21. c3 a5 22. h4 b4 23. cxb4 axb4 24. g4 b3 25. axb3 Rb8 26. g5 Qf4 27. Qxf4 exf4 28. Rc1 Rcb5 29. Rc3 hxg5 30. hxg5 g6 31. Kc2 Kg7 32. Ra1 R5b6 33. Ra7 Rh8 34. Rcc7 Rf8 35. Kc3 Rbb8 36. b4 Rb5 37. Kc4 Rbb8 38. b5 Rfc8 39. b6 Rxc7+ 40. bxc7 Rc8 41. b4 1-0


[Site "https://www.chess.com"]

[Event "Titled Tuesday Blitz July 11 Early 2023"]
[White "Goughfather"]
[Black "Ardila, Oscar Humberto"]
[BlackFideId "4404742"]
[WhiteElo "2027"]
[BlackElo "2290"]
[Result "1-0"]
[Round "4"]
[TimeControl "180+2"]
[Date "2023.07.11"]
[WhiteClock "0:00:05"]
[BlackClock "0:00:13"]
[Board "213"]

1. d4 Nf6 2. Nc3 e6 3. Bf4 Nd5 4. Nxd5 exd5 5. c3 Be7 6. e3 O-O 7. Bd3 c6 8. Qh5 g6 9. Qh6 Bf6 10. Nf3 Bg7 11. Qg5 f6 12. Qg3 b6 13. Bxb8 Ba6 14. Bxa6 Rxb8 15. Bd3 f5 16. h4 Bh6 17. Qd6 Rf6 18. Qg3 f4 19. exf4 Bxf4 20. Qg4 Qe7+ 21. Kf1 h5 22. Qh3 Rbf8 23. Re1 Qd6 24. Re2 c5 25. Ne5 cxd4 26. cxd4 Qb4 27. g3 Bxe5 28. dxe5 R6f7 29. Bxg6 Rg7 30. Bxh5 Qd4 31. Kg2 Qc4 32. Rhe1 d4 33. e6 Qd5+ 34. Kh2 d3 35. e7 Rxe7 36. Rxe7 Rxf2+ 37. Kg1 d2 38. Qg4+ Kf8 39. Qg7# 1-0


[Site "https://www.chess.com"]

[Event "Titled Tuesday Blitz July 11 Early 2023"]
[White "Blackwhite017"]
[Black "Vaglio Munoz, Jaime"]
[BlackFideId "6500145"]
[WhiteElo "2016"]
[BlackElo "2287"]
[Result "0-1"]
[Round "4"]
[TimeControl "180+2"]
[Date "2023.07.11"]
[WhiteClock "0:00:00"]
[BlackClock "0:00:52"]
[Board "214"]

1. e4 c5 2. Nf3 Qa5 3. Nc3 a6 4. d4 b5 5. Be3 b4 6. Nd5 e6 7. Nf4 cxd4 8. Bxd4 Bb7 9. Bd3 Nc6 10. Be3 Nf6 11. O-O Rd8 12. Nd2 Ne5 13. Ne2 d5 14. exd5 Nxd3 15. cxd3 Rxd5 16. d4 Qd8 17. Rc1 Be7 18. Nf4 Rd7 19. Nc4 O-O 20. Ne5 Rd6 21. Qb3 Nd5 22. Nxd5 Rxd5 23. a3 a5 24. axb4 axb4 25. Ra1 Qb6 26. Rfc1 h6 27. Ra4 Rfd8 28. Rca1 Bf8 29. h3 Qb5 30. Nd3 Rf5 31. Nxb4 Qe2 32. Qd3 Qxd3 33. Nxd3 Be4 34. Nc5 Bd5 35. b4 g5 36. Ra5 Rb8 37. b5 h5 38. Nd7 Rb7 39. Nxf8 Kxf8 40. Ra7 Rxb5 41. Rc7 g4 42. Raa7 Kg7 43. hxg4 hxg4 44. g3 Rb1+ 45. Rc1 Rb2 46. Rac7 Rf3 47. R7c2 Rb8 48. Kf1 Rh8 49. Ke2 Rh2 50. Kd3 Rf5 51. Rc7 Bf3 52. Ra1 Rhh5 53. Rc5 Rd5 54. Rxd5 Bxd5 0-1


[Site "https://www.chess.com"]

[Event "Titled Tuesday Blitz July 11 Early 2023"]
[White "Ismayilova, Khanim"]
[Black "Kuchava, Ana"]
[WhiteFideId "13429019"]
[BlackFideId "13605348"]
[WhiteElo "2006"]
[BlackElo "2256"]
[Result "1-0"]
[Round "4"]
[TimeControl "180+2"]
[Date "2023.07.11"]
[WhiteClock "0:00:10"]
[BlackClock "0:00:00"]
[Board "215"]

1. c4 e6 2. Nc3 d5 3. e3 Nf6 4. d4 Be7 5. Nf3 O-O 6. Bd3 b6 7. O-O Bb7 8. Re1 Nbd7 9. e4 dxe4 10. Nxe4 Nxe4 11. Bxe4 Bxe4 12. Rxe4 Nf6 13. Re1 c5 14. Bg5 cxd4 15. Nxd4 Qc7 16. Qd3 Rfd8 17. Qc3 h6 18. Bh4 Rac8 19. Rac1 Qb7 20. Red1 Ne4 21. Qh3 g5 22. Nxe6 Rxd1+ 23. Rxd1 gxh4 24. Qg4+ Ng5 25. f4 fxe6 26. fxg5 Bc5+ 27. Kh1 Qf7 28. gxh6+ Kh8 29. Qxh4 Rf8 30. h3 Qf6 31. Qh5 Qxb2 32. Qg6 Qf6 33. Qg4 1-0


[Site "https://www.chess.com"]

[Event "Titled Tuesday Blitz July 11 Early 2023"]
[White "Xavier_mompel"]
[Black "abelmat"]
[WhiteElo "2253"]
[BlackElo "1953"]
[Result "1-0"]
[Round "4"]
[TimeControl "180+2"]
[Date "2023.07.11"]
[WhiteClock "0:00:02"]
[BlackClock "0:00:00"]
[Board "216"]

1. e4 e6 2. d4 d5 3. Nc3 dxe4 4. Nxe4 Nd7 5. Nf3 Ngf6 6. Bg5 Be7 7. Nxf6+ Nxf6 8. Bd3 O-O 9. O-O b6 10. c3 Bb7 11. Ne5 h6 12. Bxf6 Bxf6 13. Qe2 c5 14. Rad1 cxd4 15. cxd4 Qd5 16. Nf3 Qxa2 17. Bc4 Bxf3 18. gxf3 Qa5 19. d5 exd5 20. Rxd5 Qb4 21. b3 Rae8 22. Qd3 Rd8 23. Rd1 Rxd5 24. Qxd5 Qe7 25. Qb5 Be5 26. Rd5 Bf6 27. Kf1 Rd8 28. Kg2 Rxd5 29. Qxd5 g6 30. Qd3 Kg7 31. h3 h5 32. Kf1 Qe5 33. Qd7 Qa1+ 34. Kg2 Qe5 35. Qxf7+ Kh6 36. Qg8 Qg5+ 37. Kh1 Qf4 38. Be6 Qxf3+ 39. Kg1 Qd1+ 40. Kg2 1-0


[Site "https://www.chess.com"]

[Event "Titled Tuesday Blitz July 11 Early 2023"]
[White "Lohani, Sujana"]
[Black "rionelG"]
[WhiteFideId "12311987"]
[WhiteElo "1923"]
[BlackElo "2252"]
[Result "0-1"]
[Round "4"]
[TimeControl "180+2"]
[Date "2023.07.11"]
[WhiteClock "0:00:00"]
[BlackClock "0:00:50"]
[Board "217"]

1. d4 Nf6 2. Nf3 g6 3. c4 Bg7 4. Nc3 O-O 5. e4 d6 6. e5 dxe5 7. Nxe5 c5 8. Be3 cxd4 9. Bxd4 Nc6 10. Nxc6 bxc6 11. Be2 Re8 12. O-O e5 13. Be3 Qc7 14. Qc1 Ng4 15. Bxg4 Bxg4 16. Bh6 Bh8 17. h3 Be6 18. Ne4 Rad8 19. Bg5 Rd4 20. Nf6+ Bxf6 21. Bxf6 Qd6 22. c5 Qf8 23. Bxe5 Rc4 24. Qg5 Rxc5 25. Qf6 Rxe5 26. Qxe5 Bc4 27. Qc3 Bxf1 28. Kxf1 Qd6 29. Rc1 Qh2 30. f3 Re6 31. Kf2 Qf4 32. Rd1 Rd6 33. Rxd6 Qxd6 34. a3 h5 35. Qc4 Qd2+ 36. Kg3 Qxb2 37. Qa4 Qe5+ 38. Kf2 Qc5+ 39. Kg3 Kg7 40. Qb3 Qe5+ 41. Kf2 a5 42. Qc4 Qd5 43. Qc3+ Kg8 0-1


[Site "https://www.chess.com"]

[Event "Titled Tuesday Blitz July 11 Early 2023"]
[White "Gholami Orimi, Mahdi"]
[Black "Nakamura, Hikaru"]
[WhiteFideId "12558486"]
[BlackFideId "2016192"]
[WhiteElo "2914"]
[BlackElo "3228"]
[Result "0-1"]
[Round "5"]
[TimeControl "180+2"]
[Date "2023.07.11"]
[WhiteClock "0:00:00"]
[BlackClock "0:00:06"]
[Board "1"]

1. d4 a6 2. e4 c6 3. c4 d5 4. Nc3 dxe4 5. Nxe4 Nf6 6. Nxf6+ exf6 7. Be2 Bd6 8. Nf3 O-O 9. O-O Re8 10. h3 Nd7 11. Bd3 Nf8 12. Qc2 Ng6 13. Bd2 Be6 14. Rfe1 Qd7 15. Bf1 Bf5 16. Qc3 Be4 17. Re2 Re7 18. Rae1 Rae8 19. Bc1 Nf4 20. Bxf4 Bxf4 21. Nd2 Bg6 22. Nb3 Rxe2 23. Rxe2 Rd8 24. g3 Bd6 25. Bg2 h5 26. h4 Bf8 27. d5 c5 28. Nd2 b6 29. Kh2 Bd6 30. Bh3 Qc7 31. Qf3 Be5 32. b3 Re8 33. Kg2 Bc2 34. Re1 Bg6 35. Bf5 Bxf5 36. Qxf5 g6 37. Qd3 Rd8 38. Nf3 Bd6 39. Qc3 Be7 40. Qe3 Bf8 41. Qe4 b5 42. g4 bxc4 43. bxc4 hxg4 44. Qxg4 f5 45. Qg5 Rd6 46. h5 Kh7 47. Rh1 Bh6 48. Qg3 Qd8 49. Qe5 Kg8 50. hxg6 Rxg6+ 51. Kf1 Qb6 52. Qe8+ Bf8 53. Rh8+ Kxh8 54. Qxf8+ Rg8 55. Qxf7 Qb1+ 56. Ne1 Qe4 57. Qh5+ Kg7 58. Qg5+ Kf7 59. Qh5+ Kf6 60. Qh6+ Kf7 61. Qh7+ Rg7 62. Qh5+ Kg8 63. Qd1 Qxc4+ 64. Qd3 Qxd3+ 65. Nxd3 c4 66. Ne5 c3 67. Ke2 Rc7 68. Kd1 Rc5 69. Kc2 Rxd5 70. Nd3 Ra5 71. Nb4 Ra4 72. Kxc3 a5 73. Nc2 Rf4 0-1


[Site "https://www.chess.com"]